 Dungeon Crawl Stone Soup version 0.20-a0-1008-g0de3dc5 (webtiles) character file.

30 Gorice the Sneak (level 3, -6/19 HPs)
             Began as a Kobold Enchanter on Apr 14, 2017.
             Mangled by Terence
             ... wielding a +0 trident
              (7 damage)
             ... on level 2 of the Dungeon.
             The game lasted 00:05:11 (1513 turns).

Gorice the Sneak (Kobold Enchanter)                 Turns: 1513, Time: 00:05:11

Health: -6/19      AC:  2    Str:  6    XL:     3   Next: 37%
Magic:  2/6        EV: 15    Int: 16    God:
Gold:   69         SH:  0    Dex: 15    Spells: 3/6 levels left

rFire    . . .     SeeInvis .   a - +1 dagger
rCold    . . .     Gourm    .   (shield restricted)
rNeg     . . .     Faith    .   b - +0 robe
rPois    .         Spirit   .   (no helmet)
rElec    .         Reflect  .   (no cloak)
rCorr    .         Harm     .   (no gloves)
MR       .....                  (no boots)
Stlth    +++.......             (no amulet)
Regen    0.1/turn               (no ring)
MPRegen  0.1/turn               (no ring)

@: no status effects
A: carnivore 3
a: no special abilities


You were on level 2 of the Dungeon.
You were completely stuffed.

You visited 1 branch of the dungeon, and saw 2 of its levels.

You collected 69 gold pieces.

Inventory:

Hand Weapons
 a - a +1 dagger (weapon)
Missiles
 i - 14 sling bullets
 Z - 95 stones (quivered)
Armour
 b - a +0 robe (worn)
 e - a +0 ring mail
 h - a +0 chain mail
Scrolls
 f - 2 scrolls of recharging {unknown}
 j - a scroll of identify {unknown}
 l - a scroll of enchant armour {unknown}
 m - a scroll of fog {unknown}
Books
 c - a book of Maledictions
Comestibles
 d - 2 meat rations {!e}
 g - a chunk of flesh
 k - a royal jelly


   Skills:
 + Level 2.5 Short Blades
 - Level 2.4 Dodging
 - Level 4.0 Stealth
 - Level 2.1 Spellcasting
 * Level 3.8 Hexes


You had 3 spell levels left.
You knew the following spells:

 Your Spells              Type           Power        Failure   Level  Hunger
a - Corona                Hex            ##.....      6%          1    #......
b - Ensorcelled Hibernat  Hex/Ice        #.....       17%         2    ###....


Dungeon Overview and Level Annotations

Branches:
Dungeon (2/15)

Altars:

Annotations:
D:2 Terence


Innate Abilities, Weirdness & Mutations

You are small and have problems with some larger weapons.
You are carnivorous and can eat meat at any time.


Message History

Terence shouts!
Casting: Corona
Confirm with . or Enter, or press ? or * to list all spells.
Aiming: Corona
Press: ? - help, Shift-Dir - straight line, f - Terence
Aim: Terence, wielding a trident and wearing a glowing scale mail (chance to defeat MR: 60%) Terence is outlined in light.
A goblin comes into view.
Terence closely misses you.
Casting: Corona
Confirm with . or Enter, or press ? or * to list all spells.
Aiming: Ensorcelled Hibernation
Press: ? - help, Shift-Dir - straight line, f/p - Terence
Aim: Terence, wielding a trident and wearing a glowing scale mail (softly glowing, chance to defeat MR: 48%) Terence resists with some effort.
Terence barely misses you.
Casting: Ensorcelled Hibernation
Confirm with . or Enter, or press ? or * to list all spells.
Aiming: Ensorcelled Hibernation
Press: ? - help, Shift-Dir - straight line, f/p - Terence
Aim: Terence, wielding a trident and wearing a glowing scale mail (softly glowing, chance to defeat MR: 48%) Terence looks drowsy...
The helpless Terence fails to defend himself.
You puncture Terence!
Terence is almost dead.
Terence closely misses you.
You hit Terence but do no damage.
Terence is almost dead.
Terence hits you with a trident.
Damage: 2 (max 2)
You hit Terence but do no damage.
Terence is almost dead.
Terence stops glowing.
Terence closely misses you.
You hit Terence.
Terence is almost dead.
You hit Terence.
Terence is almost dead.
Terence closely misses you.
You barely miss Terence.
Terence is almost dead.
Terence hits you with a trident!
Damage: 7 (max 7)
You hit Terence but do no damage.
Terence is almost dead.
Terence hits you with a trident!
* * * LOW HITPOINT WARNING * * *
Damage: 9 (max 9)
You hit Terence but do no damage.
Terence is almost dead.
Terence hits you with a trident!
You die...

#.#. #.##.##
##.#.#....#..
..........#
..$......#
........#
#.......##
#.g....... #@#
#@# #. #.# #.
#.# #. #.# #.#
#.# #.# #.# #.#
##### ##.## #.##
##...###...#####
>..##
#.###.#.........


You could see Terence and a goblin.

Vanquished Creatures
  A dart slug (D:1)
  A leopard gecko (D:1)
  3 giant cockroaches (D:1)
  5 goblins (D:1)
  4 hobgoblins (D:1)
  2 bats (D:1)
  2 frilled lizards (D:1)
  3 kobolds (D:1)
  4 rats (D:1)
25 creatures vanquished.

Notes
Turn   | Place    | Note
-------+----------+-------------------------------------------
     0 | D:1      | Gorice the Kobold Enchanter began the quest for the Orb.
     0 | D:1      | Reached XP level 1. HP: 10/10 MP: 3/3
    50 | D:1      | Reached skill level 2 in Short Blades
    98 | D:1      | Reached XP level 2. HP: 13/15 MP: 3/5
   136 | D:1      | Learned a level 2 spell: Ensorcelled Hibernation
   784 | D:1      | Reached XP level 3. HP: 13/19 MP: 2/6
  1493 | D:2      | Noticed Terence
  1512 | D:2      | HP: 1/19 [Terence/trident (9)]
  1513 | D:2      | Mangled by Terence

Vault maps used:
D:1:      saegor_arrival_simple_d
D:2:      bloody_makhleb, uniq_terence

Skill      XL: |  1 |
---------------+----+-----
Short Blades   | 2 |  2.5
Dodging        | |  2.4
Stealth        | |  4.0
Spellcasting   | |  2.1
Hexes          | |  3.8

Action                   || total
-------------------------++-------
Melee: Dagger            ||   112
 Cast: Corona            ||    22
       Ensorcelled Hiber ||    12
 Stab: Sleeping          ||     8
  Eat: Chunk             ||    11
Armor: Robe              ||    14
Dodge: Dodged            ||    88

Table legend:
 A = Turns spent in this place as a percentage of turns spent in the entire game.
 B = Non-inter-level travel turns spent in this place as a percentage of non-inter-level travel turns spent in the entire game.
 C = Inter-level travel turns spent in this place as a percentage of turns spent in this place.
 D = Turns resting spent in this place as a percentage of non-inter-level travel turns spent in this place.
 E = Turns spent auto-exploring this place as a percentage of non-inter-level travel turns spent in this place.
 F = Non-inter-level travel turns spent in this place divided by the number of levels of this place that you've seen.
                   A       B       C       D       E      F
               +-------+-------+-------+-------+-------+----------------------
         Total | 100.0 | 100.0 |   0.2 |   4.9 |   5.1 | 226.5
       Dungeon | 100.0 | 100.0 |   0.2 |   4.9 |   5.1 | 226.5
               +-------+-------+-------+-------+-------+----------------------

Vault maps used:
D:1:      saegor_arrival_simple_d
D:2:      bloody_makhleb, uniq_terence
